 Dungeon Crawl Stone Soup version 0.29.0-15-g675c0067aa (webtiles) character file.

Game seed: 13837203911877835347

11 qw the Sneak (level 2, 0/19 HPs)
             Began as a Gargoyle Delver on Sept 11, 2022.
             Slain by a jackal (2 damage)
             ... on level 1 of the Dungeon.
             The game lasted 00:00:13 (369 turns).

qw the Sneak (Gargoyle Delver)                       Turns: 369, Time: 00:00:14

Health: 0/19       AC:  5    Str: 15    XL:     2   Next: 25%
Magic:  2/2        EV: 11    Int: 10    God:
Gold:   12         SH:  0    Dex: 11    Spells: 1/1 levels left

rFire   . . .      SeeInvis .   a - +0 hand axe
rCold   . . .      Faith    .   (no shield)
rNeg    + . .      Spirit   .   b - +0 leather armour
rPois   inf        Reflect  .   (no helmet)
rElec   +          Harm     .   (no cloak)
rCorr   .          Rampage  .   (no gloves)
Will    .....                   (no boots)
Stlth   +++.......              (no amulet)
HPRegen 0.06/turn               (no ring)
MPRegen 0.08/turn               (no ring)

@: no status effects
A: sickness immunity, AC +2, negative energy resistance 1, electricity
resistance, torment resistance 1, petrification resistance
a: no special abilities


You were on level 1 of the Dungeon.
You visited 1 branch of the dungeon, and saw 5 of its levels.

You collected 12 gold pieces.


Innate Abilities, Weirdness & Mutations

You are immune to sickness and miasma.
Your stone body is resilient. (AC +2)
You are immune to poison.
You resist negative energy. (rN+)
You are resistant to electric shocks. (rElec)
You are resistant to unholy torment.
You are immune to petrification.


   Skills:
 - Level 3.2 Fighting
 + Level 2.6 Axes
 - Level 1.5 Dodging
 - Level 5.4 Stealth


You had one spell level left.
You didn't know any spells.
Your spell library was empty.

Inventory:

Hand Weapons
 a - a +0 hand axe (weapon)
 c - a +0 club
Armour
 b - a +0 leather armour (worn)
Wands
 g - a wand of digging (3)
Scrolls
 d - a scroll of identify {unknown}
Potions
 f - 2 potions of haste

Dungeon Overview and Level Annotations

Branches:
Dungeon (5/15)
 Temple: D:4-7

Altars:
Kikubaaqudgha


Message History

The jackal bites you but does no damage.
The jackal closely misses you. The goblin barely misses you.
The jackal bites you.
You miss the jackal.
The jackal is almost dead.
You barely miss the jackal. You hit the goblin. The jackal closely misses you.
The jackal barely misses you. The goblin barely misses you.
The jackal bites you but does no damage.
You hit the jackal but do no damage.
The jackal is almost dead.
You barely miss the goblin. You closely miss the jackal.
The jackal completely misses you. The jackal barely misses you.
The goblin barely misses you. The jackal closely misses you.
You closely miss the jackal.
The jackal is almost dead.
You hit the goblin.
You kill the goblin!
You barely miss the jackal.
The jackal closely misses you. x2; The jackal barely misses you.
You hit the jackal but do no damage.
The jackal is almost dead.
You hit the jackal. The jackal bites you. x2
The jackal bites you but does no damage.
You hit the jackal but do no damage.
The jackal is almost dead.
You closely miss the jackal. The jackal bites you.
The jackal closely misses you. The jackal barely misses you.
The jackal bites you.
You closely miss the jackal.
The jackal is almost dead.
You hit the jackal but do no damage.
The jackal bites you but does no damage. x2
The jackal barely misses you.
You closely miss the jackal.
The jackal is almost dead.
You hit the jackal. The jackal barely misses you. The jackal misses you.
The jackal bites you.
You die...

# .#
####.####.#
..........###
#...>....#
#.###..#.# #!
#..#
##.###..#
#.###...##..#
......h@....#
..###.)h##.##
##.###.# #.
#.# #. #.# ..
... .. .##
##. #_#


You could see 2 jackals.

Vanquished Creatures
  An endoplasm (D:3)
  3 goblins
  A hobgoblin (D:3)
  2 jackals (D:1)
  2 bats
9 creatures vanquished.

Notes
Turn   | Place    | Note
-------+----------+-------------------------------------------
     0 | D:5      | qw the Gargoyle Delver began the quest for the Orb.
     0 | D:5      | Reached XP level 1. HP: 14/14 MP: 1/1
     0 | D:5      | 0 ||| qw: Version: 0.1-a-117-gfe26ee0
     0 | D:5      | 0 ||| qw: Game counter: 9867
     0 | D:5      | 0 ||| qw: Always use a shield: true
     0 | D:5      | 0 ||| qw: God list: Okawaru
     0 | D:5      | 0 ||| qw: Allow faded altars: false
     0 | D:5      | 0 ||| qw: Do Orc after D:15 true
     0 | D:5      | 0 ||| qw: Do second Lair branch before Depths: true
     0 | D:5      | 0 ||| qw: Lair rune preference: random
     0 | D:5      | 0 ||| qw: Plans: Normal
     0 | D:5      | 0 ||| PLANNING D:1-11
     7 | D:5      | 7 ||| DROPPING scroll of fog.
     8 | D:5      | 8 ||| DROPPING scroll of magic mapping.
     9 | D:5      | 9 ||| DROPPING scroll of fear.
    19 | D:4      | 19 ||| FLEEEEING.
    20 | D:4      | 20 ||| STAIRDANCE
    21 | D:3      | Found an ancient bone altar of Kikubaaqudgha.
   143 | D:3      | 143 ||| Stepping ~*~*~tactically~*~*~ (stealth).
   165 | D:3      | 165 ||| Stepping ~*~*~tactically~*~*~ (stealth).
   167 | D:3      | 167 ||| Stepping ~*~*~tactically~*~*~ (stealth).
   244 | D:3      | 244 ||| Stepping ~*~*~tactically~*~*~ (stealth).
   252 | D:3      | 252 ||| Stepping ~*~*~tactically~*~*~ (stealth).
   253 | D:3      | 253 ||| Stepping ~*~*~tactically~*~*~ (stealth).
   254 | D:3      | 254 ||| Stepping ~*~*~tactically~*~*~ (stealth).
   303 | D:2      | 303 ||| STAIRDANCE
   328 | D:1      | Found a faded altar of an unknown god.
   348 | D:1      | Reached XP level 2. HP: 19/19 MP: 2/2
   367 | D:1      | HP: 3/19 [jackal (2)]
   369 | D:1      | Slain by a jackal

Levels and vault maps discovered:
D:1:      matt_arrival_grand_opening, layout_loops_ring,
          ebering_ecumenical_altar_rust, bh_walls_and_bars
D:2:      layout_basic, minmay_tromino_i4, uniq_terence
D:3:      layout_rooms, general_overflow_altar, nicolae_gozag_seed_capital,
          grunt_ministairs_3
D:4:      layout_basic, ebering_dispersal_statue_hall
D:5:      layout_loops_ring, grunt_dithmenos_smoke_and_mirrors, roderic_batcave,
          chequers_serial_rivers_small_a, uniq_prince_ribbit1

Skill      XL: |  1 |
---------------+----+-----
Axes           | 2 |  2.6
Fighting       | |  3.2
Dodging        | |  1.5
Stealth        | |  5.4

Action                   || total
-------------------------++-------
Melee: Hand axe          ||    46
Armor: Leather armour    ||    24
Dodge: Dodged            ||    58

Table legend:
 A = Non-vault XP
 B = Vault XP
 C = Vault XP percentage of total XP
 D = Non-vault monster count
 E = Vault monster count
 F = Vault count percentage of total count
                 A         B        C        D         E       F
            +---------+---------+-------+---------+---------+-------
      Total |      16 |       0 |   0.0 |       9 |       0 |   0.0
            +---------+---------+-------+---------+---------+-------
        D:1 |       9 |       0 |   0.0 |       5 |       0 |   0.0
        D:3 |       7 |       0 |   0.0 |       4 |       0 |   0.0
            +---------+---------+-------+---------+---------+-------
